Cogmind - Beta 15 @@@ ROGUE MODE // 2025.09.06 @ 19:05:18 Player: puppuppit Result: Destroyed by H-55 Commando with Assault Rifle Performance ------------- Evolutions (3) 1500 Regions Visited (10) 2000 Robots Destroyed (261) 1305 Value Destroyed (10934) 10934 Prototype IDs (34) 680 Alien Tech Used (0) 0 Bonus (8486) 8486 TOTAL SCORE: 24905 Bonus ------- Triggered High Security 1500 High Alert Combat Kills 5571 Follower Combat Kills 858 Entered Garrisons 400 Aligned with FarCom 300 Friendly Fire -143 Cogmind --------- Core Integrity 0/700 Matter 10/300 Energy 91/100 System Corruption 2% Temperature Cool (0) Movement Core (50) Location -7/Factory Parts ------- > --- POWER (1) -------- (None) > --- PROPULSION (2) --- (None) > --- UTILITY (8) ------ Advanced Cooling System Advanced Targeting Computer Core Analyzer Armor Integrity Analyzer > --- WEAPON (2) ------- (None) > --- INVENTORY (5) ---- Improved Heavy Treads Long-range Phase Cannon Heavy Missile Launcher Field Lobotomy Kit (3) Peak State ------------ > --- POWER ------------ Reinforced Quantum Reactor > --- PROPULSION ------- Improved Heavy Treads > --- UTILITY ---------- Advanced Cooling System Large Storage Unit Advanced Targeting Computer Core Analyzer Armor Integrity Analyzer Medium Reactive Plating Advanced Shield Generator Improved Dynamic Insulation System > --- WEAPON ----------- Long-range Phase Cannon Advanced KE Penetrator > --- INVENTORY -------- Reinforced Fission Core Mini Fusion Reactor Improved Heavy Treads Improved Heavy Treads Improved Heavy Treads Advanced Heat Sink Advanced Cooling System Hacking Suite Advanced KE Penetrator Heavy Missile Launcher Field Lobotomy Kit [Rating: 82] Favorites ----------- Power Improved Deuterium Engine Engine Improved Deuterium Engine Power Core Light Nuclear Core Reactor Reinforced Quantum Reactor Propulsion Improved Treads Treads Improved Treads Leg Improved VSS Leg Hover Unit Gravmag System Utility Advanced Targeting Computer Device Improved Heat Sink Storage High-capacity Storage Unit Processor Advanced Targeting Computer Hackware Hacking Suite Protection Improved Light Armor Plating Weapon Long-range Phase Cannon Energy Gun Gatling Laser Energy Cannon Long-range Phase Cannon Ballistic Gun Precision Assault Rifle Launcher Heavy Missile Launcher Special Weapon Field Lobotomy Kit Impact Weapon Heavy Flail Build | -11 -10 -10 -10 -9 -8 -8 -8 -7 -7 -7 ------- Run | Yrd Mat Min Exi Min Mat Gar Mat Fac Gar Fac Slots Evolved 6 | . . . . . 4 . . 2 . . Power . | . . . . . . . . . . . Propulsion . | . . . . . . . . . . . Utility 6 | . . . . . 4 . . 2 . . Weapon . | . . . . . . . . . . . Parts Attached 148 | 7 12 . 1 . 19 20 11 53 20 5 Power 20 | 1 1 . . . 4 2 1 7 4 . Engine 11 | 1 1 . . . 1 2 . 4 2 . Core 7 | . . . . . 3 . 1 2 1 . Reactor 2 | . . . . . . . . 1 1 . Propulsion 30 | 2 3 . . . 1 6 3 10 5 . Treads 21 | 2 3 . . . 1 6 3 3 3 . Leg 2 | . . . . . . . . . 2 . Wheel . | . . . . . . . . . . . Hover 7 | . . . . . . . . 7 . . Flight . | . . . . . . . . . . . Utility 62 | 2 3 . 1 . 11 6 4 22 9 4 Device 27 | 1 1 . . . 4 4 2 6 7 2 Storage 7 | 1 2 . 1 . . . . 3 . . Processor 16 | . . . . . 1 . 1 12 2 . Hackware 3 | . . . . . 1 1 . . . 1 Protection 9 | . . . . . 5 1 1 1 . 1 Artifact . | . . . . . . . . . . . Weapon 36 | 2 5 . . . 3 6 3 14 2 1 Energy Gun 5 | 1 1 . . . . . . 2 1 . Energy Cannon 11 | . 2 . . . 2 3 2 2 . . Ballistic Gun 8 | 1 1 . . . . . . 5 . 1 Ballistic Cannon . | . . . . . . . . . . . Launcher 7 | . 1 . . . 1 2 . 2 1 . Special Weapon 1 | . . . . . . 1 . . . . Impact Weapon 4 | . . . . . . . 1 3 . . Slashing Weapon . | . . . . . . . . . . . Piercing Weapon . | . . . . . . . . . . . Special Melee Weapon . | . . . . . . . . . . . Unidentified Prototypes 8 | . . . . . . . . 8 . . Corrupted Parts 1 | . . . . . . . . . 1 . System Corruption 3 | . . . . . . . . . 3 . Parts Lost 30 | . . . . . 1 5 13 4 2 5 Power 3 | . . . . . . 1 2 . . . Propulsion 7 | . . . . . 1 1 2 1 1 1 Utility 11 | . . . . . . 2 5 2 . 2 Weapon 9 | . . . . . . 1 4 1 1 2 Highest Loss Streak 12 | . . . . . 1 4 12 1 1 2 To Critical Strikes . | . . . . . . . . . . . Average Backups 15 | . 9 14 16 18 19 18 17 8 13 11 Power 1 | . . 1 2 3 1 1 1 . 1 1 Propulsion 2 | . 1 3 3 3 3 3 2 2 2 2 Utility 5 | . 4 5 6 7 8 7 7 1 3 2 Weapon 4 | . 2 5 4 4 5 5 4 2 4 3 Tool/Special . | . . . . . . . . . . . Unused Backups 53 | 1 8 . 1 . 13 1 4 13 7 5 Power 7 | . 1 . . . 4 . . . . 2 Propulsion 12 | . 1 . . . 1 . . 6 2 2 Utility 26 | 1 4 . . . 6 . 3 6 5 1 Weapon 8 | . 2 . 1 . 2 1 1 1 . . Tool/Special . | . . . . . . . . . . . Average Slot Usage (%) 97 | . 99 100 100 100 99 99 93 94 95 90 Engine 6 | . 14 14 14 14 2 8 6 2 4 . Core 1 | . . . . . 6 . 1 . 1 . Treads 15 | . 28 28 28 28 18 18 17 2 8 7 Hover 1 | . . . . . . . . 12 . . Device 14 | . 13 14 14 14 17 13 16 11 13 19 Storage 9 | . 14 14 14 14 9 9 8 5 7 6 Processor 17 | . . . . . 8 9 9 38 39 28 Hackware 6 | . . . . . 8 17 14 . . 3 Protection 3 | . . . . . 9 4 1 3 . . Energy Gun 1 | . 9 . . . . . . 2 2 5 Energy Cannon 14 | . 8 27 28 28 17 17 15 1 12 5 Ballistic Gun 1 | . 9 . . . . . . 5 . . Peak Build Rating 82 | 9 17 17 19 19 36 41 43 64 77 82 Average Rating 41 | 6 11 16 18 19 33 36 36 52 65 74 On Entrance 27 | . 9 17 17 19 19 36 38 11 58 77 Naked Turns . | . . . . . . . . . . . Heaviest Build 83 | 13 34 34 54 54 70 72 83 59 75 79 Greatest Support 75 | 40 46 46 46 46 46 43 43 44 75 75 Greatest Overweight (x) 19 | . . . 1 1 1 1 1 2 19 1 Average Overweight (x) . | . . . . 1 1 1 . . . . Largest Inventory Capacity 20 | 8 15 15 20 20 20 20 20 15 15 15 Average Capacity 16 | 7 11 15 18 20 20 20 19 9 15 14 Most Carried 20 | 2 14 15 18 18 20 20 20 15 15 15 Average Carried 15 | . 9 14 16 18 19 19 18 8 14 14 Final Capacity 20 | 8 15 15 20 20 20 20 5 15 15 15 Final Carried 20 | 1 14 15 18 18 20 20 5 15 15 14 Class Distribution -------------------- 56% | Mutant 31% | Scavenger-Mutant 11% | Hacker-Mutant Dominant Class ---------------- Mutant | -10/Materials Mutant | -10/Mines Mutant | -10/Exiles Mutant | -9/Mines Mutant | -8/Materials Scavenger-Mutant | -8/Garrison Scavenger-Mutant | -8/Materials Mutant | -7/Factory Scavenger-Mutant | -7/Garrison Scavenger-Mutant | -7/Factory Resources | -11 -10 -10 -10 -9 -8 -8 -8 -7 -7 -7 ----------- Run | Yrd Mat Min Exi Min Mat Gar Mat Fac Gar Fac Matter Collected 4155 | 282 277 40 30 10 490 654 205 1410 598 159 Remotely . | . . . . . . . . . . . Salvage Created 9318 | 152 975 19 . 16 1752 692 994 1590 2000 1128 Parts 488 | 16 60 4 . . 120 46 44 63 81 54 Haulers Intercepted 8 | . 2 . . . 2 . 3 . . 1 Recyclers Shooed 6 | 1 3 . . . . . 1 1 . . Parts Field Recycled . | . . . . . . . . . . . Retrieved Matter . | . . . . . . . . . . . Parts Self-Destructed . | . . . . . . . . . . . Prevented . | . . . . . . . . . . . Kills | -11 -10 -10 -10 -9 -8 -8 -8 -7 -7 -7 ------- Run | Yrd Mat Min Exi Min Mat Gar Mat Fac Gar Fac Combat Hostiles Destroyed 197 | . 14 3 . . 36 28 27 30 27 32 Guns 22 | . 8 . . . . . . 9 . 5 Cannons 78 | . 4 . . . 21 13 5 9 18 8 AOE 93 | . 2 3 . . 15 15 21 11 7 19 Classes Destroyed 18 | 3 4 1 . . 3 1 2 2 2 . Worker 18 | 2 4 . . 1 5 . 2 4 . . Builder 1 | . . . . . 1 . . . . . Tunneler 5 | 3 . . . . 2 . . . . . Hauler 8 | . 2 . . . 2 . 3 . . 1 Recycler 11 | 1 2 . . . 2 . 1 5 . . Mechanic 5 | . . . . . . . . 1 1 3 Operator 4 | . 2 . . . . . . . 1 1 Watcher 12 | . 3 . . . 4 . 1 1 1 2 Swarmer 48 | . . 3 . . 13 16 2 5 9 . Grunt 95 | . 14 . . . 11 5 19 13 9 24 Brawler 6 | . . . . . 1 2 1 2 . . Duelist 4 | . . . . . . . 3 1 . . Protector 6 | . . . . . . . 2 1 . 3 Sentry 22 | . . . . . 11 4 . 3 3 1 Demolisher 1 | . . . . . . . . . 1 . Hunter 3 | . . . . . . 1 . . 1 1 Programmer 11 | . . . . . . . . 5 3 3 Heavy 1 | . . . . . . . . . 1 . Best Kill Streak 25 | 3 4 3 . 1 10 11 10 14 4 25 Combat Bots Only 22 | . 3 3 . . 6 11 10 13 4 22 Max Kills in Single Turn 4 | 1 1 2 . 1 4 3 4 3 2 4 Gunslinging 1 | . . . . . . . . 1 . . Exploded 4 | . 1 2 . . 3 3 4 2 2 3 Melee . | . . . . . . . . . . . Uniques/NPCs Destroyed . | . . . . . . . . . . . Combat | -11 -10 -10 -10 -9 -8 -8 -8 -7 -7 -7 -------- Run | Yrd Mat Min Exi Min Mat Gar Mat Fac Gar Fac Hostile Shots Fired 884 | . 48 5 . . 120 135 157 161 143 115 Missed 260 | . 9 1 . . 30 34 39 66 53 28 Hits 624 | . 39 4 . . 90 101 118 95 90 87 Melee 36 | . . . . . . 1 29 2 . 4 Projectile 588 | . 39 4 . . 90 100 89 93 90 83 AOE 2 | . . . . . . . . . 2 . Critical Strikes 33 | . 2 . . . 6 2 10 1 5 7 Damage Taken 8408 | . 471 69 . . 980 1199 2137 1331 999 1222 Core 1257 | . 127 . . . 130 105 193 191 168 343 Absorbed by Shields 890 | . . . . . 308 80 . . 179 323 Reduced by Siege Mode 30 | . . . . . . . . . 6 24 Ignored by Resistances 259 | . . . . . . 32 183 44 . . Regen/Repaired (Parts) 68 | . 19 . . . 37 . . 12 . . Core Remaining (%) 57 | 100 . . . 49 . . 22 . . . Volleys Fired 517 | 12 66 2 . 4 86 91 47 63 102 44 Largest 2 | 2 2 1 . 2 2 2 2 2 2 2 Hottest 210 | 60 136 30 . 136 136 160 165 210 210 185 Shots Fired 896 | 24 131 2 . 8 157 134 81 113 169 77 Gun 228 | 24 107 . . . . . . 55 8 34 Cannon 581 | . 20 . . 8 147 117 70 41 154 24 Launcher 85 | . 4 2 . . 10 16 11 16 7 19 Special 2 | . . . . . . 1 . 1 . . Kinetic 104 | 12 53 . . . . . . 37 . 2 Thermal 676 | 12 62 . . 8 147 101 69 59 162 56 Explosive 85 | . 4 2 . . 10 16 11 16 7 19 Electromagnetic 29 | . 12 . . . . 16 1 . . . Robot Hit Streak 36 | 4 16 3 . 4 10 11 8 36 30 28 Robot Miss Streak 4 | 2 4 . . 1 3 2 4 2 2 2 Penetration Max . | . . . . . . . . . . . Secondary Targets 2 | . 1 . . . . . . 1 . . Max Gunslinging Chain 1 | . 1 . . . . . . 1 . . Shots Hit Robots 566 | 15 86 1 . 5 98 50 46 88 112 65 Core Hits 494 | 10 47 4 . 1 72 51 53 101 55 100 Critical Kills 9 | . 1 . . . 1 . 2 1 4 . Critical Parts Destroyed 2 | . 1 . . . . . . 1 . . Critical Strikes 12 | . 2 . . . 1 1 2 2 4 . Meltdown 8 | . . . . . 1 . 2 1 4 . Destroy 2 | . 2 . . . . . . . . . Corrupt 1 | . . . . . . 1 . . . . Smash 1 | . . . . . . . . 1 . . Melee Attacks 11 | . . . . . . . 1 10 . . Impact 11 | . . . . . . . 1 10 . . Slashing . | . . . . . . . . . . . Piercing . | . . . . . . . . . . . Sneak Attacks 3 | . . . . . . . . 3 . . Combat Hostiles . | . . . . . . . . . . . Follow-up Attacks . | . . . . . . . . . . . Damage Inflicted 26153 | 138 1277 173 . 102 3504 2446 4145 4733 4846 4789 Guns 2963 | 138 767 . . . . . . 1016 135 907 Cannons 10510 | . 198 . . 102 2242 1225 1156 1155 3820 612 Explosions 12284 | . 312 173 . . 1262 1221 2987 2168 891 3270 Melee 384 | . . . . . . . . 384 . . Ramming 12 | . . . . . . . 2 10 . . Kinetic 928 | 54 287 . . . . . . 545 . 42 Thermal 12216 | 84 546 . . 102 2242 965 1132 1626 3955 1564 Explosive 11663 | . 312 173 . . 1087 1221 2987 1809 891 3183 Electromagnetic 950 | . 132 . . . 175 260 24 359 . . Impact 384 | . . . . . . . . 384 . . Slashing . | . . . . . . . . . . . Piercing . | . . . . . . . . . . . Highest Corruption 6 | . . . . . . 2 6 1 3 2 Average Corruption 2 | . . . . . . 2 2 1 2 1 Corruption Purged 4 | . . . . . . . . 1 3 . Corruption Blocked . | . . . . . . . . . . . Effects 87 | . . . . . . 39 9 3 34 2 Message Errors 20 | . . . . . . 9 1 . 10 . Matter Fused 17 | . . . . . . 8 2 1 6 . Heat Flow Errors 12 | . . . . . . 7 . 1 4 . Energy Discharges 16 | . . . . . . 8 3 . 5 . Parts Rejected 1 | . . . . . . . . . 1 . Parts Fused 1 | . . . . . . . . . 1 . Data Loss (minor) 6 | . . . . . . 3 1 1 . 1 Data Loss (major) 4 | . . . . . . 2 . . 2 . Misfires 8 | . . . . . . 2 1 . 4 1 Weapon Failures 2 | . . . . . . . 1 . 1 . Overload Shots . | . . . . . . . . . . . Overflow Damage 856 | . 8 7 . . 108 79 116 322 147 69 Projectiles 301 | . . . . . 74 58 15 33 121 . Explosions 270 | . 8 7 . . 34 21 101 4 26 69 Melee 285 | . . . . . . . . 285 . . Knockbacks 1 | . . . . . . . . 1 . . Impact 1 | . . . . . . . . 1 . . Kinetic . | . . . . . . . . . . . Secondary . | . . . . . . . . . . . Self-Inflicted Damage 421 | . . 30 . . 104 52 47 75 . 113 Shots 17 | . . 2 . . 5 3 1 3 . 3 Rammed 2 | . . . . . . . 1 1 . . Targets Rammed 2 | . . . . . . . 1 1 . . Kicked . | . . . . . . . . . . . Crushed . | . . . . . . . . . . . Highest Temperature 362 | 40 144 . . 33 271 349 302 321 362 314 Average Temperature 75 | 21 46 . . 16 74 55 95 105 89 64 Received Heat Transfer 2556 | . 294 . . . 464 310 639 228 249 372 Effects 9 | . . . . . 4 . 4 1 . . Energy Bleed 3 | . . . . . 1 . 1 1 . . Interference 6 | . . . . . 3 . 3 . . . Siege Activations 7 | . . . . . . . . . 2 5 Total Turns 46 | . . . . . . . . . 7 39 Longest Duration 14 | . . . . . . . . . 5 14 Martial Activations . | . . . . . . . . . . . Shielding Activations . | . . . . . . . . . . . Robots Disrupted 1 | . . . . . . . . 1 . . Combat Hostiles . | . . . . . . . . . . . Robots Corrupted 1 | . . . . . . . . 1 . . Combat Hostiles . | . . . . . . . . . . . Parts Fried 4 | . . . . . . 1 . 3 . . Impact Corruptions 4 | . . . . . . . . 4 . . Robots Melted 8 | . . . . . 1 . 2 1 4 . Combat Hostiles 4 | . . . . . . . 1 1 2 . Parts Melted 25 | . . . . . 3 1 3 5 8 5 Heat Transferred 16703 | 200 1108 . . 185 3552 1486 1878 2061 3957 2276 Parts Sabotaged . | . . . . . . . . . . . Parts Stolen . | . . . . . . . . . . . Parts Stripped . | . . . . . . . . . . . Power Chain Reactions 2 | . . . . . . . . 2 . . Alert | -11 -10 -10 -10 -9 -8 -8 -8 -7 -7 -7 ------- Run | Yrd Mat Min Exi Min Mat Gar Mat Fac Gar Fac Maximum Alert Level 5 | . . . . . 3 5 5 5 5 5 Low Security (%) 20 | 100 100 100 . 100 39 . . . . . Level 1 3 | . . . . . 19 . . . . . Level 2 7 | . . . . . 32 5 . . . . Level 3 15 | . . . . . 8 25 . 54 . . Level 4 12 | . . . . . . 21 . 27 14 . Level 5 36 | . . . . . . 48 60 16 85 46 High Security 4 | . . . . . . . 39 2 . 53 Max Security . | . . . . . . . . . . . Peak Influence 3681 | 10 147 129 . 5 781 3681 2433 2029 3472 2570 Initial 1822 | . . 50 . . . 505 1794 1100 1420 1822 Average 1335 | 2 49 98 . . 295 1811 1963 1199 2328 1949 Influence Increases 10882 | 30 540 79 . 5 1276 3286 907 1689 2112 958 Destroy 0b10 Robot/C 4360 | . 280 60 . . 720 860 520 680 660 580 Destroy 0b10 Robot/NC 405 | 30 65 . . 5 80 5 50 60 60 50 Destroy Leader 688 | . 70 10 . . 182 30 88 172 40 96 Allied During Kill 143 | . . . . . . 55 5 34 49 . Trap Triggered on 0b10 30 | . . . . . . 20 10 . . . Successful Hack 133 | . 36 . . . 29 15 . 36 . 17 Select Force Hacks 60 | . 60 . . . . . . . . . Disable Machine 900 | . 15 . . . 135 135 90 375 75 75 Anti-Garrison Action 3050 | . . . . . . 1950 . . 1100 . Destroy Structure 768 | . 14 9 . . 85 216 129 92 113 110 Partial Spotted 15 | . . . . . 15 . . . . . Lose Combat Pursuer 330 | . . . . . 30 . 15 240 15 30 Influence Decreases 8359 | 30 410 140 69 5 499 382 2227 2048 669 1880 Entered New Map 5855 | . . 80 69 . . 272 1887 1288 609 1650 Time Decay 1954 | 30 410 60 . 5 489 . 190 610 . 160 Lost Part 300 | . . . . . 10 50 130 40 20 50 Lost Ally 250 | . . . . . . 60 20 110 40 20 Squads Dispatched 53 | . 4 . . . 6 . 12 15 . 16 Investigation 7 | . 3 . . . 1 . 1 1 . 1 Extermination 6 | . . . . . . . . 5 . 1 Reinforcement 7 | . 1 . . . . . 1 5 . . Assault 26 | . . . . . 1 . 8 3 . 14 Garrison 7 | . . . . . 4 . 2 1 . . Intercept . | . . . . . . . . . . . Searches Triggered . | . . . . . . . . . . . Construction Impeded 1 | . . . . . . . . 1 . . Haulers Reinforced . | . . . . . . . . . . . Active Scanning Responses . | . . . . . . . . . . . Cargo Convoy Interrupts 1 | . . . . . . . . 1 . . Stealth | -11 -10 -10 -10 -9 -8 -8 -8 -7 -7 -7 --------- Run | Yrd Mat Min Exi Min Mat Gar Mat Fac Gar Fac Distress Signals 19 | . 1 . . . 9 . 3 2 2 2 Communications Jammed 2 | . . . . . . . . 2 . . Distress Signals . | . . . . . . . . . . . Times Spotted 308 | . 23 3 . . 56 37 51 56 35 47 Peak Tracking Total 17 | . 4 3 . . 8 11 17 10 6 8 Tactical Retreats 11 | . . . . . 2 . 1 6 1 1 Traps | -11 -10 -10 -10 -9 -8 -8 -8 -7 -7 -7 ------- Run | Yrd Mat Min Exi Min Mat Gar Mat Fac Gar Fac Traps Triggered 18 | . 1 . . . . 4 2 2 8 1 Indirectly 2 | . . . . . . . . 2 . . Trap Hack Attempts . | . . . . . . . . . . . Triggered . | . . . . . . . . . . . Disarmed . | . . . . . . . . . . . Reprogrammed . | . . . . . . . . . . . Reused 3 | . . . . . . 2 1 . . . Traps Extracted . | . . . . . . . . . . . Installed 4 | . . . . . . 3 1 . . . Triggered 3 | . . . . . . 2 1 . . . Most Traps Carried 2 | . . . . . . 2 1 . . . Machines | -11 -10 -10 -10 -9 -8 -8 -8 -7 -7 -7 ---------- Run | Yrd Mat Min Exi Min Mat Gar Mat Fac Gar Fac Machines Disabled 76 | . 2 . . . 9 17 6 25 12 5 Max in Single Turn 6 | . 1 . . . 3 1 2 6 1 2 Garrison Relay 8 | . . . . . . 4 . . 4 . Phase Generator 1 | . . . . . . 1 . . . . Machines Repaired . | . . . . . . . . . . . Machines Dismantled . | . . . . . . . . . . . Machines Sabotaged . | . . . . . . . . . . . Overloaded Fab Kills . | . . . . . . . . . . . Hacking | -11 -10 -10 -10 -9 -8 -8 -8 -7 -7 -7 --------- Run | Yrd Mat Min Exi Min Mat Gar Mat Fac Gar Fac Machines Accessed 42 | . 9 . 2 . 11 5 1 10 1 3 Terminals 23 | . 6 . . . 6 5 . 4 1 1 Fabricators 3 | . . . . . . . . 2 . 1 Repair Stations 4 | . 1 . . . 2 . . 1 . . Recycling Units 4 | . 2 . . . 1 . . . . 1 Scanalyzers 4 | . . . . . 1 . 1 2 . . Garrison Access 2 | . . . . . 1 . . 1 . . Total Hacks 112 | . 31 . 2 . 34 11 5 20 1 8 Successful 62 | . 20 . 2 . 18 4 5 8 . 5 Failed 49 | . 11 . . . 15 7 . 12 1 3 Catastrophic 7 | . . . . . 2 1 . 3 1 . Database Lockouts 1 | . . . . . 1 . . . . . Manual 73 | . 26 . 1 . 23 3 . 15 . 5 Terminals 65 | . 26 . . . 18 11 . 7 1 2 Fabricators 9 | . . . . . . . . 5 . 4 Repair Stations 11 | . 3 . . . 6 . . 2 . . Recycling Units 6 | . 2 . . . 2 . . . . 2 Scanalyzers 14 | . . . . . 5 . 5 4 . . Garrison Access 5 | . . . . . 3 . . 2 . . Terminal Hacks 12 | . 5 . 2 . 1 4 . . . . Record 1 | . . . 1 . . . . . . . Robot Analysis 5 | . 4 . . . 1 . . . . . Prototype ID Bank 1 | . 1 . . . . . . . . . Open Door 1 | . . . . . . 1 . . . . Emergency Access Points 1 | . . . . . . 1 . . . . Garrison Registry 1 | . . . . . . 1 . . . . Patrol Navigation 1 | . . . . . . 1 . . . . Proto ID Catalog 1 | . . . 1 . . . . . . . Fabricator Hacks 1 | . . . . . . . . . . 1 Network Status 1 | . . . . . . . . . . 1 Repair Station Hacks 4 | . 2 . . . 2 . . . . . Scan Component 2 | . 1 . . . 1 . . . . . Repair 2 | . 1 . . . 1 . . . . . Recycling Unit Hacks . | . . . . . . . . . . . Scanalyzer 13 | . . . . . 5 . 5 3 . . Insert Component 6 | . . . . . 2 . 2 2 . . Analyze 7 | . . . . . 3 . 3 1 . . Garrison Access Hacks 2 | . . . . . 1 . . 1 . . Unlock Access 2 | . . . . . 1 . . 1 . . Unauthorized Hacks 30 | . 13 . . . 9 . . 4 . 4 Terminals 19 | . 11 . . . 8 . . . . . Assimilate 1 | . . . . . 1 . . . . . Botnet 5 | . 5 . . . . . . . . . Operators 3 | . 1 . . . 2 . . . . . Skim 10 | . 5 . . . 5 . . . . . Fabricators 5 | . . . . . . . . 2 . 3 Report 1 | . . . . . . . . . . 1 Liberate 2 | . . . . . . . . 1 . 1 Haulers 2 | . . . . . . . . 1 . 1 Repair Stations 1 | . . . . . . . . 1 . . Patch 1 | . . . . . . . . 1 . . Recycling Units 4 | . 2 . . . 1 . . . . 1 Recyclers 1 | . . . . . . . . . . 1 Mask 1 | . . . . . 1 . . . . . Tunnel 2 | . 2 . . . . . . . . . Scanalyzers . | . . . . . . . . . . . Garrison Access 1 | . . . . . . . . 1 . . Watchers 1 | . . . . . . . . 1 . . Data Cores Recovered . | . . . . . . . . . . . Used . | . . . . . . . . . . . Hacking Detections 35 | . 7 . . . 11 4 1 8 1 3 Full Trace Events 3 | . . . . . 2 1 . . . . Feedback Events . | . . . . . . . . . . . Feedback Blocked . | . . . . . . . . . . . Robot Schematics Acquired . | . . . . . . . . . . . Robots Built . | . . . . . . . . . . . Authchips . | . . . . . . . . . . . Time . | . . . . . . . . . . . Total Robot Build Rating . | . . . . . . . . . . . Part Schematics Acquired 5 | . . . . . 2 . 2 1 . . Parts Built . | . . . . . . . . . . . Authchips . | . . . . . . . . . . . Time . | . . . . . . . . . . . Total Part Build Rating . | . . . . . . . . . . . Parts Repaired 2 | . 1 . . . 1 . . . . . Time 76 | . 38 . . . 38 . . . . . Parts Recycled . | . . . . . . . . . . . Recycled Matter . | . . . . . . . . . . . Retrieved Matter . | . . . . . . . . . . . Retrieved Components . | . . . . . . . . . . . Parts Scanalyzed 6 | . . . . . 2 . 2 2 . . Part Schematics Acquired 5 | . . . . . 2 . 2 1 . . Parts Damaged 1 | . . . . . . . . 1 . . Bothacking | -11 -10 -10 -10 -9 -8 -8 -8 -7 -7 -7 ------------ Run | Yrd Mat Min Exi Min Mat Gar Mat Fac Gar Fac Used RIF Installer . | . . . . . . . . . . . Robots Hacked . | . . . . . . . . . . . Non-combat . | . . . . . . . . . . . Combat . | . . . . . . . . . . . Robot Hacks Applied . | . . . . . . . . . . . Relay Couplers Released 35 | . . . . . . 17 . . 18 . Machine Destruction 31 | . . . . . . 17 . . 14 . Programmers 4 | . . . . . . . . . 4 . Fabnet Peak Effective % . | . . . . . . . . . . . Robots Rewired 5 | . . . . . . 3 . 1 1 . Allies Hacked 2 | . . . . . . . . 2 . . Hacks Repelled . | . . . . . . . . . . . Allies | -11 -10 -10 -10 -9 -8 -8 -8 -7 -7 -7 -------- Run | Yrd Mat Min Exi Min Mat Gar Mat Fac Gar Fac Total Allies 13 | . . . . . . 4 . 6 3 . Largest Group 3 | . . . . . . 3 1 3 2 1 Highest-Rated Group 142 | . . . . . . 85 81 141 142 21 Highest-Rated Ally 109 | . . . . . . 85 81 109 80 21 Initial Warlord ECA Mod 46 | . . . . . . . 10 9 9 18 Total Orders 4 | . . . . . . 4 . . . . STAY 1 | . . . . . . 1 . . . . FOLLOW 3 | . . . . . . 3 . . . . Ally Attacks 105 | . . . . . . 26 5 40 33 1 Total Damage 3347 | . . . . . . 993 228 1120 994 12 Kills 29 | . . . . . . 15 2 5 7 . Allies Corrupted . | . . . . . . . . . . . Allies Melted 1 | . . . . . . 1 . . . . Field Lobotomies 2 | . . . . . . 1 . 1 . . Intel | -11 -10 -10 -10 -9 -8 -8 -8 -7 -7 -7 ------- Run | Yrd Mat Min Exi Min Mat Gar Mat Fac Gar Fac Active Infowar (turns) 1609 | 70 366 . . . 330 . . 841 2 . Optics 2 | . . . . . . . . . 2 . Terrain 436 | 70 366 . . . . . . . . . Seismic 330 | . . . . . 330 . . . . . Jamming 841 | . . . . . . . . 841 . . Robot Analysis Total 5 | . 4 . . . 1 . . . . . Derelict Logs Recovered 1 | . . 1 . . . . . . . . Drone Launches . | . . . . . . . . . . . Drone Recoveries . | . . . . . . . . . . . Exploration | -11 -10 -10 -10 -9 -8 -8 -8 -7 -7 -7 ------------- Run | Yrd Mat Min Exi Min Mat Gar Mat Fac Gar Fac Turns Passed 16341 | 147 1544 133 827 334 2720 4123 643 2046 3123 701 Spaces Moved 7538 | 65 779 79 399 135 878 1540 215 1719 1432 297 Core 125 | 2 . . . . . . 48 71 1 3 Treads 5582 | 63 779 79 399 135 878 1540 167 66 1182 294 Legs 249 | . . . . . . . . . 249 . Wheels . | . . . . . . . . . . . Hover 1582 | . . . . . . . . 1582 . . Flight . | . . . . . . . . . . . Fastest Speed 38 | 50 160 160 160 240 240 240 50 38 160 50 Average Speed 179 | 156 160 160 205 240 241 241 197 91 180 163 Slowest Speed 1000 | 160 160 160 240 240 245 245 240 225 1000 240 Overloaded Moves 162 | . . . . . . . . 162 . . Propulsion Burnouts . | . . . . . . . . . . . Robots Hopped . | . . . . . . . . . . . Potential Cave-ins 2 | . . . . . . . . 2 . . Cave-ins Triggered . | . . . . . . . . . . . Exploration Rate (%) 49 | 4 97 15 70 48 66 96 28 31 78 12 Regions Visited 10 Branch Regions 3 Pre-discovered Areas 7 | . 3 1 1 . 2 . . . . . Known Exits Taken 4 | . . 1 . . 1 . 1 1 . . Unknown Exits Taken 4 | 1 1 . 1 1 . . . . . . Scrap Searched 1 | . . 1 . . . . . . . . Spaces Dug 63 | . . . . . 4 16 1 37 5 . Terrain Destroyed 774 | . 11 15 . . 81 186 152 134 61 134 Melee 4 | . . . . . . . 1 3 . . Projectile 66 | . . . . . 17 . 19 6 18 6 AOE 704 | . 11 15 . . 64 186 132 125 43 128 Terrain Rammed . | . . . . . . . . . . . Walls Destroyed . | . . . . . . . . . . . Machines Disabled . | . . . . . . . . . . . Actions | -11 -10 -10 -10 -9 -8 -8 -8 -7 -7 -7 --------- Run | Yrd Mat Min Exi Min Mat Gar Mat Fac Gar Fac Total 9438 | 86 962 83 410 138 1316 1817 343 2057 1800 426 Wait 718 | . 53 . . . 268 79 34 76 162 46 Move 7527 | 64 778 78 398 134 877 1539 214 1718 1430 297 Hop . | . . . . . . . . . . . Pick Up 136 | 2 26 1 7 . 21 19 3 41 15 1 Fast Attach 67 | 7 5 . . . 4 2 5 29 13 2 Attach 39 | . 1 . . . 4 5 10 13 2 4 Detach 27 | . . . . . 1 1 . 16 4 5 Swap 170 | . 10 2 1 . 31 38 17 36 21 14 Drop 166 | 1 23 . 4 . 24 21 10 43 27 13 Fire 517 | 12 66 2 . 4 86 91 47 63 102 44 Melee 11 | . . . . . . . 1 10 . . Ram 2 | . . . . . . . 1 1 . . Kick . | . . . . . . . . . . . Crush . | . . . . . . . . . . . Escape Stasis 19 | . . . . . . 6 . . 13 . Rewire 35 | . . . . . . 13 . 11 11 . Trap 4 | . . . . . . 3 1 . . . Miscellaneous . | . . . . . . . . . . . Route ------- -11/Scrapyard -10/Materials (discovered 5 exits: *Mat x3 / [*Min] / *Sub) -10/Mines (discovered 4 exits: Mat x2 / *Exi / Sub) -10/Exiles -9/Mines -8/Materials (discovered 4 exits: *Fac x3 / Gar) -8/Garrison (discovered 4 exits: *Mat x4) -8/Materials -7/Factory (discovered 4 exits: *Fac x2 / [*Low] / Gar) -7/Garrison (discovered 3 exits: *Fac x3) -7/Factory History --------- Turn | Location | Event 6 | -11/Scrapyard | Discovered new exit (range 15) 148 | -11/Scrapyard | Entered Materials 312 | -10/Materials | Build established: Mutant 366 | -10/Materials | Discovered new exit (range 10) 717 | -10/Materials | Discovered new exit (range 7) 1190 | -10/Materials | Learned 2 Storage zone layouts 1226 | -10/Materials | Learned location of Recycling (-9) 1274 | -10/Materials | Learned 4 Subcaves zone layouts 1283 | -10/Materials | Learned 2 Mines zone layouts 1284 | -10/Materials | Learned 2 Storage zone layouts 1285 | -10/Materials | Learned location of 2 exits from Mines 1286 | -10/Materials | Identified exit to Subcaves 1286 | -10/Materials | Identified exit to Materials 1295 | -10/Materials | Loaded intel: 8 terminal locations 1298 | -10/Materials | Repaired Imp. Heat Sink 1314 | -10/Materials | Learned 2 Storage zone layouts 1330 | -10/Materials | Discovered exit to Materials (range 14) 1426 | -10/Materials | Core integrity fell below 50% 1692 | -10/Materials | Entered Mines 1694 | -10/Mines | Identified exit to Exiles 1760 | -10/Mines | Learned 4 Materials zone layouts 1819 | -10/Mines | Deemed a non-threat by the Exiles lab entrance 1825 | -10/Mines | Entered Exiles 1872 | -10/Exiles | Met 8R-AWN 1897 | -10/Exiles | Met EX-HEX 2017 | -10/Exiles | Met EX-DEC 2048 | -10/Exiles | Learned location of Zion (-7) 2243 | -10/Exiles | Met EX-BIN 2332 | -10/Exiles | Aligned with FarCom system 2334 | -10/Exiles | Given EX-Vault access code 2394 | -10/Exiles | Opened EX-Vault 2411 | -10/Exiles | Found Field Lobotomy Kit 2458 | -10/Exiles | Warned to stay clear of 0b10 Research branches 2618 | -10/Exiles | Discovered new exit (range 14) 2652 | -10/Exiles | Left Exiles lab with Field Lobotomy Kit 2652 | -10/Exiles | Entered Mines 2967 | -9/Mines | Discovered new exit (range 8) 2986 | -9/Mines | Entered Materials 2986 | -8/Materials | Evolved 4 slots: Utility x4 2987 | -8/Materials | Identified exit to Factory 4440 | -8/Materials | Identified exit to Garrison 4475 | -8/Materials | Garrison activated, responded to threat 4612 | -8/Materials | Central database locked down 4755 | -8/Materials | Learned 12 Factory zone layouts 4810 | -8/Materials | Learned location of 1 exit from Extension 4853 | -8/Materials | Learned Factory trap positions 4884 | -8/Materials | Learned location of 1 exit from Lower Caves 4884 | -8/Materials | Discovered exit to Factory (range 15) 4973 | -8/Materials | Learned Storage trap positions 5107 | -8/Materials | Repaired Imp. Heat Sink 5386 | -8/Materials | First assault squad dispatched 5662 | -8/Materials | Garrison activated, responded to threat 5706 | -8/Materials | Entered Garrison 5824 | -8/Garrison | Triggered checkpoint 5856 | -8/Garrison | Garrison Relay disabled 6022 | -8/Garrison | Build established: Hacker-Mutant 6084 | -8/Garrison | Triggered checkpoint 6137 | -8/Garrison | Lost 3 allies 6151 | -8/Garrison | Destroyed 11 combat bots 6151 | -8/Garrison | Lost 4 parts (1p2u1w) 6475 | -8/Garrison | Discovered new exit (range 11) 6686 | -8/Garrison | Triggered checkpoint 6941 | -8/Garrison | Triggered checkpoint 7020 | -8/Garrison | Garrison Relay disabled 7360 | -8/Garrison | Triggered checkpoint 7476 | -8/Garrison | Discovered new exit (range 10) 7554 | -8/Garrison | Phase Generator disabled 7621 | -8/Garrison | Spotted B-75 Beast 7644 | -8/Garrison | Assimilated B-75 Beast with FLK Orb 7741 | -8/Garrison | Build established: Scavenger-Mutant 8181 | -8/Garrison | Triggered checkpoint 8313 | -8/Garrison | Discovered new exit (range 11) 8468 | -8/Garrison | Triggered checkpoint 8468 | -8/Garrison | Garrison Relay disabled 8535 | -8/Garrison | Discovered new exit (range 58) 8535 | -8/Garrison | Discovered new exit (range 37) 8535 | -8/Garrison | Discovered new exit (range 59) 8535 | -8/Garrison | Discovered new exit (range 28) 9145 | -8/Garrison | Garrison Relay disabled 9708 | -8/Garrison | Triggered checkpoint 9829 | -8/Garrison | Entered Materials 9829 | -8/Materials | Accompanied by 1 ally 10221 | -8/Materials | High security lockdown imminent 10301 | -8/Materials | High security lockdown engaged 10349 | -8/Materials | Garrison activated, responded to threat 10366 | -8/Materials | Destroyed 7 combat bots 10372 | -8/Materials | Core integrity fell below 50% 10417 | -8/Materials | Destroyed 10 combat bots 10465 | -8/Materials | Discovered exit to Factory (range 14) 10472 | -8/Materials | Entered Factory 10472 | -7/Factory | Evolved 2 slots: Utility x2 10473 | -7/Factory | Identified exit to Factory 10473 | -7/Factory | Lost 12 parts (2p2n4u4w) 10474 | -7/Factory | Loaded intel: 84 trap records 10608 | -7/Factory | Identified exit to Garrison 10658 | -7/Factory | Build established: Mutant 10724 | -7/Factory | Discovered exit to Factory (range 5) 11173 | -7/Factory | Discovered new exit (range 15) 11541 | -7/Factory | Assimilated A-27 Freighter with FLK Orb 11542 | -7/Factory | Cargo convoy interrupted 11672 | -7/Factory | First assault squad dispatched 12409 | -7/Factory | Garrison activated, responded to threat 12448 | -7/Factory | Destroyed 13 combat bots 12471 | -7/Factory | High security lockdown imminent 12518 | -7/Factory | Entered Garrison 12649 | -7/Garrison | Garrison Relay disabled 12790 | -7/Garrison | Triggered checkpoint 12950 | -7/Garrison | Discovered new exit (range 11) 12976 | -7/Garrison | Found embedded Infiltrators 12980 | -7/Garrison | Triggered checkpoint 12987 | -7/Garrison | Heavy support dispatched to Factory 13012 | -7/Garrison | Garrison Relay disabled 13196 | -7/Garrison | Triggered checkpoint 13378 | -7/Garrison | Heavy support dispatched to Factory 13384 | -7/Garrison | Triggered checkpoint 13584 | -7/Garrison | Triggered checkpoint 13732 | -7/Garrison | Build established: Scavenger-Mutant 13856 | -7/Garrison | Triggered checkpoint 13880 | -7/Garrison | Garrison Relay disabled 13973 | -7/Garrison | Discovered new exit (range 12) 14198 | -7/Garrison | Core integrity fell below 50% 14548 | -7/Garrison | Triggered checkpoint 14617 | -7/Garrison | Heavy support dispatched to Factory 14731 | -7/Garrison | Garrison Relay disabled 14746 | -7/Garrison | Triggered checkpoint 14798 | -7/Garrison | Discovered new exit (range 12) 14995 | -7/Garrison | Attempted to access garrison exit controls, blocked by remote lockdown 15107 | -7/Garrison | Heavy support dispatched to Factory 15253 | -7/Garrison | H-XX Assembler disabled 15641 | -7/Garrison | Entered Factory 15641 | -7/Factory | Accompanied by 1 ally 15668 | -7/Factory | Build established: Mutant 15968 | -7/Factory | High security lockdown imminent 16002 | -7/Factory | Build established: Scavenger-Mutant 16048 | -7/Factory | High security lockdown engaged 16257 | -7/Factory | Destroyed 22 combat bots 16325 | -7/Factory | Core integrity fell below 20% 16342 | -7/Factory | Destroyed by H-55 Commando with Assault Rifle Last Messages --------------- 16330_ Dropped Imp. Heavy Treads. 16331_ Dropped Mni. Fusion Reactor. 16331_ Dropped Rnf. Fission Core. 16332_ Dropped Hacking Suite. 16332_ Dropped Lrg. Storage Unit. 16333_ The unstable cave ceiling collapses. 16333_ Dropped Adv. KE Penetrator. 16335_ Dropped Rnf. Quantum Reactor. 16335_ Dropped Imp. Dynamic Insulation System. 16336_ Dropped Med. Reactive Plating. 16336_ C-30 ARC bursts open, deploying its payload. 16336_ H-55 Commando unfolds itself. 16336_ P-60 Hacker unfolds itself. 16336_ I-36 Angel unfolds itself. 16336_ Slug penetrates Wall. 16336_ Penetrated by Slug. 16339_ The unstable cave ceiling collapses. 16340_ Imp. Heavy Treads destroyed. 16341_ Slug penetrates Wall. 16342_ Penetrated by Slug. Map ----- +----------------------------------------------------+ | ?????????????????????????????????????????????????? | | ?????????????????????????????????????????????????? | | ?????????????????????????????????????????????????? | | ?????????????????????????????????????????????????? | | ?????????????????????????????????????????????????? | | ?????????????????????????????????????????????????? | | ?????????????????????????????????????????????????? | | ?????????????????????????????????????????????????? | | ?????????????????????????????????????????????????? | | ?????????????????????????????????????????????????? | | ?????????????????????????????????????????????????? | | ?????????????????????????????????????????????????? | | ?????????????????C???????????????????????????????? | | ?????????????????????????????????????????????????? | | ?????????????????????????????????????????????????? | | ???????????????????????#######???????????????????? | | ?????????????????????? #???????????????????? | | ?????????????????????""" #???????????????????? | | ??????????????????????"" !! #???????????????????? | | ?????????????????????""" !! #???????????????????? | | ?????????????????????? ! #???????????????????? | | ??????????????????????? #??#????????????????? | | ??????????????????????? #? #????????????????? | | ???????????????????????? ?? #????????????????? | | ???????????????##########;/####h########+????????? | | ???????????????# o @i ????????? | | ???????????????# ! p ???????? | | ???????????##+?# !*[ h^ ???????? | | ??????????? # *=!=! ???????? | | ???????????"" # !l* ???????? | | ???????????"" # #[ ###########?????????? | | ????????""""" # g #????Y????????????? | | ???????"""""" g ##?????????????????? | | ??????? % [ #?????????????????? | | ????????"" !% [ #?????????????????? | | ????????"" =%# i #?????????????????? | | ???????""" % #% = ##?????????????????? | | ??? """" % #% #??????????????????? | | ??? # * T"" #??????????????????? | | ???? # % """ #??????????????????? | | ????????# # ####??????????????????? | | ?????????# #######?????????????????? | | ?????????##### # ] "T" #??????????????? | | ?????????????# * %= #??????????????? | | ?????????????## [ # [ #??????????????? | | ??????????????# = #??????????????? | | ??????????????# #??????????????? | | ??????????????# % # #??????????????? | | ??????????????# =%% =""""""" #??????????????? | | ??????????????## """""" ? ?#??????????????? | +----------------------------------------------------+ Best States ------------- Heat Dissipation 84 Energy Generation 25 Energy Capacity 350 Matter Stores 450 Matter Capacity 600 Sight Range 16 Terrain Scan Range 16 Terrain Scan Density 10 Jamming Range 12 EM Shielding 3 Armor Coverage 450 Resistance: KI 30 Resistance: TH 20 Resistance: EM 15 Core Shielding 20 Evasion (%) 57 Targeting Accuracy 24 Melee Accuracy 12 Target Analysis 7 Core Analysis 6 Armor Integrity Analysis 30 Recoil Reduction 2 Particle Charging 15 Salvage Targeting 12 Offensive Hacking 20 Item Schematics ----------------- Fission Core | -8/Materials | Scanalyzed Adv. Targeting Computer | -8/Materials | Scanalyzed Phase Cannon | -8/Materials | Scanalyzed Lyr. Medium Armor Plating | -8/Materials | Scanalyzed Mni. Fusion Reactor | -7/Factory | Scanalyzed Robot Schematics ------------------ None Fabricated ------------ Nothing Repaired ---------- Imp. Heat Sink | 52% | -10/Materials Imp. Heat Sink | 7% | -8/Materials Alien Tech Used ----------------- None Achievements -------------- None Challenges ------------ None Game ------ Seed FieldCoilPenetrator Manual? 0 Play Time 02:33:40 Cumulative 598.8 hours Start 2025.09.06 @ 14:09:51 End 2025.09.06 @ 19:05:18 Sessions 3 Manual Loads 0 Difficulty Rogue Special Mode None Game No. 302 Rogue 302 Adventurer 0 Explorer 0 Win Type - Total 7 Types 3/0/2/1/0/0/0/0/0/1 Lore% 87 Gallery% 79 Achievement% 69 Wizard Run 0 Options --------- Layout 2 ASCII 0 Keyboard 1 Movement Vi Keybinds 0 Fullscreen 1 Font 16/Tamsyn Map View 55x47 Zoom Use 0% Tactical HUD 1 Map Filters NONE Filters NONE Steam 0 RUN: 1cb69d8f-c643-4235-ac11-287f1af60396